 Dungeon Crawl Stone Soup version 0.25.0-26-g0c896c7 (webtiles) character file.

Game seed: 8478012119827681356

6274 Balder the Cleaver (level 10, -11/107 HPs)
             Began as an Ogre Berserker on June 30, 2020.
             Was a Priest of Trog.
             Mangled by a troll (13 damage)
             ... on level 1 of the Orcish Mines on July 1, 2020.
             The game lasted 00:40:14 (11005 turns).

Balder the Cleaver (Ogre Berserker)                Turns: 11005, Time: 00:40:15

Health: -11/107    AC: 12    Str: 24    XL:     10   Next: 94%
Magic:  10/10      EV: 14    Int:  8    God:    Trog [***...]
Gold:   307        SH:  0    Dex: 16    Spells: 9/9 levels left

rFire    . . .     SeeInvis .   a - +0 war axe
rCold    . . .     Gourm    .   (no shield)
rNeg     . . .     Faith    .   I - +2 robe {MR+}
rPois    .         Spirit   .   (helmet restricted)
rElec    .         Reflect  .   B - +2 cloak
rCorr    .         Harm     .   (gloves unavailable)
MR       ++++.                  (boots unavailable)
Stlth    ++........             (no amulet)
HPRegen  1.27/turn              p - +4 ring of protection
MPRegen  0.12/turn              C - +6 ring of dexterity

@: regenerating
A: large, unfitting armour, tough skin 1
a: Berserk, Trog's Hand, Renounce Religion


You were on level 1 of the Orcish Mines.
You worshipped Trog.
Trog was most pleased with you.
You were not hungry.

You visited 2 branches of the dungeon, and saw 11 of its levels.

You collected 655 gold pieces.
You spent 348 gold pieces at shops.

Inventory:

Hand Weapons
 a - a +0 war axe (weapon)
 b - a +3 dire flail
 D - the +3 rapier "Hudef" {holy, rF+ MP+9 Str+2}
   (You found it on level 6 of the Dungeon)

   It has been blessed by the Shining One to cause great damage to the undead
   and demons.
   It affects your strength (+2).
   It protects you from fire.
   It affects your magic capacity (+9).
 J - a +0 giant spiked club
 Q - the +1 mace "Refeisosch" {holy, +Blink rElec rN+ Stlth+}
   (You bought it in a shop on level 9 of the Dungeon)

   It has been blessed by the Shining One to cause great damage to the undead
   and demons.
   It insulates you from electricity.
   It protects you from negative energy.
   It lets you blink.
   It makes you more stealthy.
Missiles
 r - 44 poisoned darts
 H - 13 boomerangs (quivered)
 O - 28 bolts
Armour
 B - a +2 cloak (worn)
 G - +0 ice dragon scales
 I - a +2 robe of magic resistance (worn)
Jewellery
 d - an uncursed amulet of magic regeneration
 p - a +4 ring of protection (left hand)
 A - an uncursed ring of stealth
 C - a +6 ring of dexterity (right hand)
Wands
 f - a wand of iceblast (18)
 n - a wand of polymorph (7)
 v - a wand of digging (8)
 z - a wand of enslavement (8)
 L - a wand of acid (10)
Scrolls
 e - 2 scrolls of enchant armour
 h - 3 scrolls of identify
 o - 3 scrolls of remove curse
 x - a scroll of fog
 y - a scroll of magic mapping
 E - a scroll of teleportation
 P - a scroll of fear
Potions
 g - 3 potions of magic {unknown}
 i - 2 potions of heal wounds {unknown}
 j - a potion of invisibility
 k - a potion of berserk rage {unknown}
 l - 5 potions of stabbing
 m - 2 potions of degeneration {unknown}
 q - 2 potions of ambrosia {unknown}
 s - 2 potions of might {unknown}
 t - 5 potions of resistance
 u - 2 potions of curing {unknown}
 w - 4 potions of cancellation {unknown}
 F - 3 potions of flight {unknown}
 M - a potion of haste {unknown}
 N - a potion of lignification {unknown}
Comestibles
 c - 13 rations
 K - 6 chunks of flesh


   Skills:
 * Level 9.2 Fighting
 * Level 9.2(9.9) Axes
 + Level 5.1(7.5) Maces & Flails
 * Level 5.5 Throwing
 * Level 4.3 Armour
 * Level 6.6 Dodging
 + Level 2.0 Stealth


You had 9 spell levels left.
You didn't know any spells.
Your spell library contained the following spells:

 Spells                   Type           Power        Failure   Level  Hunger
 Beastly Appendage        Tmut           #.....       41%         1    ##.....
 Magic Dart               Conj           #...         41%         1    ##.....
 Blink                    Tloc           N/A          54%         2    ###....
 Call Imp                 Summ           #.......     54%         2    ###....
 Slow                     Hex            #.......     54%         2    ###....
 Sticks to Snakes         Tmut           #.......     54%         2    ###....
 Conjure Flame            Conj/Fire      #.......     78%         3    ####...
 Mephitic Cloud           Conj/Pois/Air  #.......     78%         3    ####...
 Spider Form              Tmut/Pois      #.........   78%         3    ####...
 Ice Form                 Ice/Tmut       #.......     99%         4    #####..
 Blade Hands              Tmut           #.........   100%        5    ######.


Dungeon Overview and Level Annotations

Branches:
Dungeon (10/15)            Temple (0/1) D:7             Orc (1/2) D:10
   Lair: D:8-11

Altars:
Gozag
Ru
Trog
Uskayaw
Vehumet

Shops:
D:6 }   D:7 [   D:9 (

Annotations:
D:10 1 runed translucent door, Irupsat's ghost, journeyman DrCj


Innate Abilities, Weirdness & Mutations

You are too large for most types of armour.
You have tough skin. (AC +1)


Message History

The troll bites you. The troll barely misses you. The troll claws you!
* * * LOW HITPOINT WARNING * * *
An orc comes into view. It is wielding a +0 mace.
The orc shouts!
You hit the troll.
The troll is almost dead.
You hear a shout!
The troll misses you. The troll claws you but does no damage.
The troll claws you!
* * * LOW HITPOINT WARNING * * *
An orc sorcerer comes into view. It is wielding a +1 dagger of draining.
Your skin crawls.
You feel resistant to hostile enchantments.
You feel somewhat more hungry.
You can no longer call in reinforcements.
The orc warrior hits you from afar with a +0 halberd!
* * * LOW HITPOINT WARNING * * *
The orc priest hits you but does no damage.
The troll bites you!
You die...

....................#
............).).....##
.............<.#...##
..................##
...................#
..................###
........>...........#
.....................#
....##$)@.........#.##
.......oT..........##
.......o............#
..$......#.........##
..o....$.....$....##
...................
.o#.......#.....
o...............
.........#..###.


You could see a troll, an orc sorcerer (wandering), an orc warrior, an orc
priest and an orc.

Vanquished Creatures
  2 two-headed ogres (D:8)
  A troll (D:10)
  A hippogriff (D:10)
  3 yaks (D:10)
  A hungry ghost (D:10)
  A water moccasin (D:8)
  A phantom (D:7)
  4 orc warriors
  A sky beast (D:10)
  3 black bears
  An ice beast (D:5)
  5 ogres
  A necrophage (D:3)
  4 centaurs
  3 bullfrogs
  Blork the orc (D:4)
  A wyvern zombie (D:10)
  2 scorpions
  4 killer bees (D:9)
  3 wights (D:10)
  6 crimson imps
  A centaur zombie (D:6)
  A quasit (D:6)
  3 hounds
  4 jellies
  A centaur skeleton (D:8)
  3 orc priests
  A bullfrog skeleton (D:6)
  11 orc wizards
  2 iguanas (D:7)
  7 worker ants
  A killer bee zombie (D:8)
  A hound skeleton (D:4)
  4 gnolls (D:5)
  9 adders
  A howler monkey skeleton (D:8)
  2 shadow imps
  2 oozes
  An adder zombie (D:8)
  A worm (D:2)
  4 dart slugs
  5 leopard geckos
  35 orcs
  4 giant cockroaches
  8 goblins
  13 hobgoblins
  6 jackals
  6 kobolds
  4 quokkas
  A ball python (D:2)
  8 bats
  A frilled lizard (D:1)
  A leopard gecko skeleton (D:8)
  A leopard gecko zombie (D:5)
  A quokka skeleton (D:5)
  10 rats
213 creatures vanquished.

Vanquished Creatures (collateral kills)
  A scorpion (D:9)
  A jackal skeleton (D:9)
2 creatures vanquished.

Grand Total: 215 creatures vanquished

Notes
Turn   | Place    | Note
-------+----------+-------------------------------------------
     0 | D:1      | Balder the Ogre Berserker began the quest for the Orb.
     0 | D:1      | Reached XP level 1. HP: 24/24 MP: 1/1
    98 | D:1      | Reached XP level 2. HP: 30/32 MP: 2/2
   343 | D:1      | Reached XP level 3. HP: 36/40 MP: 3/3
   727 | D:1      | Reached ** piety under Trog
   966 | D:1      | Upgraded the game from 0.25.0-15-gac7dcb8 to
                  | 0.25.0-26-g0c896c7
  1218 | D:2      | Reached skill level 5 in Fighting
  1289 | D:2      | Reached XP level 4. HP: 20/50 MP: 4/4
  2632 | D:3      | Noticed a necrophage
  2642 | D:3      | Killed a necrophage
  2642 | D:3      | Reached skill level 1 in Throwing
  2642 | D:3      | Reached XP level 5. HP: 49/57 MP: 5/5
  2832 | D:3      | Noticed a black bear
  2846 | D:3      | Killed a black bear
  2846 | D:3      | Reached skill level 1 in Armour
  2846 | D:3      | Reached XP level 6. HP: 45/66 MP: 6/6
  3194 | D:4      | Reached skill level 5 in Axes
  3349 | D:4      | Reached XP level 7. HP: 41/75 MP: 7/7
  3352 | D:4      | Reached *** piety under Trog
  3723 | D:4      | Noticed Blork the orc
  3737 | D:4      | Killed Blork the orc
  4600 | D:5      | Entered Level 5 of the Dungeon
  5032 | D:5      | Reached XP level 8. HP: 67/84 MP: 8/8
  5928 | D:6      | Reached **** piety under Trog
  5939 | D:6      | Reached skill level 1 in Stealth
  5956 | D:6      | Reached skill level 5 in Dodging
  6259 | D:6      | Found a hide-covered altar of Uskayaw.
  6410 | D:6      | Got an ichor-stained rapier
  6428 | D:6      | Identified the cursed +3 rapier "Hudef" {holy, rF+ MP+9
                  | Str+2} (You found it on level 6 of the Dungeon)
  6526 | D:6      | Reached XP level 9. HP: 32/93 MP: 9/9
  6923 | D:6      | Found Egrusibi's Gadget Emporium.
  6933 | D:6      | Bought a wand of iceblast (9) for 156 gold pieces
  7168 | D:7      | Reached skill level 1 in Maces & Flails
  7507 | D:7      | Found Misuh's Armour Emporium.
  7523 | D:7      | Found a staircase to the Ecumenical Temple.
  7851 | D:8      | Noticed a two-headed ogre
  7860 | D:8      | Killed a two-headed ogre
  7933 | D:8      | Noticed a two-headed ogre
  7945 | D:8      | Killed a two-headed ogre
  7945 | D:8      | Reached XP level 10. HP: 64/104 MP: 10/10
  8257 | D:8      | Reached skill level 5 in Throwing
  9045 | D:9      | Found a radiant altar of Vehumet.
  9048 | D:9      | Found a bloodstained altar of Trog.
  9049 | D:9      | Found an opulent altar of Gozag.
  9445 | D:9      | Found Ovalu's Antique Weapon Boutique.
  9451 | D:9      | Bought a fading mace for 192 gold pieces
  9454 | D:9      | Identified the cursed +1 mace "Refeisosch" {holy, +Blink
                  | rElec rN+ Stlth+} (You bought it in a shop on level 9 of
                  | the Dungeon)
  9479 | D:9      | You fall into a shaft and drop 1 floor!
  9479 | D:10     | Entered Level 10 of the Dungeon
  9975 | D:10     | Found a staircase to the Orcish Mines.
 10138 | D:10     | Found a runed translucent door.
 10138 | D:10     | Noticed Irupsat's ghost (journeyman DrCj)
 10584 | D:10     | Found a sacrificial altar of Ru.
 10795 | D:10     | Reached skill level 5 in Maces & Flails
 10934 | Orc:1    | Entered Level 1 of the Orcish Mines
 11005 | Orc:1    | Noticed an orc sorcerer
 11005 | Orc:1    | HP: 2/107 [orc warrior/+0 halberd (12)]
 11005 | Orc:1    | Mangled by a troll

Illustrated notes

Levels and vault maps discovered:
D:1:      shiori_arrival_elements, layout_loops_ring, solitary_fountain,
          minmay_heptomino_w4
D:2:      layout_loops_ring, kennysheep_doodads
D:3:      layout_rooms, kennysheep_generic_room_8
D:4:      layout_basic, first_ration, portal_sewer_entry_e, uniq_blork_the_orc
D:5:      layout_basic
D:6:      layout_rooms, nicolae_overflow_hidden_temple, serial_shops, shop,
          minmay_fractal_squares_gapless_5
D:7:      layout_basic, minmay_temple_entry_slanted, serial_shops, shop
D:8:      layout_rooms
D:9:      layout_roguey, grunt_temple_overflow_open, serial_shops,
          nicolae_shop_behind_doors, grunt_livestock
D:10:     layout_basic, david_orc_3, basic_altar, ebering_ghost_reflecting_pool
Orc:1:    layout_caves, nicolae_volcano_entry_hallway, serial_shops, shop,
          lemuel_statue_altar

Skill      XL: |  1  2  3  4  5  6  7  8  9 10 |
---------------+-------------------------------+-----
Dodging        | 3 4 5 6 |  6.6
Fighting       | 5 6 7 8 9 |  9.2
Axes           | 4 5 6 7 8 9 |  9.2
Throwing       | 1 2 3 4 5 |  5.5
Armour         | 1 2 3 4 |  4.3
Stealth        | 1 2 |  2.0
Maces & Flails | 3 5 |  5.1

Action                   |  1- 3 |  4- 6 |  7- 9 | 10-12 || total
-------------------------+-------+-------+-------+-------++-------
Melee: Hand axe          |   148 |   140 |   189 |       ||   477
       Giant spiked club |       |    13 |    59 |       ||    72
       War axe           |       |       |   120 |   109 ||   229
       Dire flail        |       |       |     5 |    24 ||    29
       Mace              |       |       |       |    99 ||    99
Throw: Dart              |       |     4 |    12 |       ||    16
       Boomerang         |       |       |    24 |     6 ||    30
Invok: Berserk           |     1 |     2 |     5 |     2 ||    10
       Trog's Hand       |       |     2 |     8 |     8 ||    18
  Use: Scroll            |       |       |    16 |     6 ||    22
       Potion            |       |       |       |     1 ||     1
 Stab: Sleeping          |       |       |     3 |     1 ||     4
  Eat: Chunk             |     1 |     7 |    17 |    11 ||    36
       Ration            |       |     1 |     2 |     1 ||     4
Armor: Animal skin       |    49 |    27 |       |       ||    76
       Robe              |       |    13 |   123 |    91 ||   227
Dodge: Dodged            |    90 |   118 |   221 |   204 ||   633
